 Dungeon Crawl Stone Soup version 0.25-a0-35-g747a2b3c0c (webtiles) character file.

Game seed: 6040754448086799306, levelgen mode: deterministic

207 Kohma the Sneak (level 5, -6/24 HPs)
             Began as a Spriggan Enchanter on Oct 18, 2019.
             Was an Initiate of Kikubaaqudgha.
             Mangled by Duvessa
             ... wielding a cursed +0 short sword
              (8 damage)
             ... on level 4 of the Dungeon.
             The game lasted 00:12:19 (4531 turns).

Kohma the Sneak (Spriggan Enchanter)                Turns: 4531, Time: 00:12:19

Health: -6/24      AC:  2    Str:  4    XL:     5   Next: 54%
Magic:  0/10       EV: 18    Int: 17    God:    Kikubaaqudgha [......]
Gold:   213        SH:  0    Dex: 17    Spells: 3/9 levels left

rFire    + . .     SeeInvis +   u - +2 short sword (venom)
rCold    . . .     Gourm    .   (shield restricted)
rNeg     . . .     Faith    .   c - +0 robe
rPois    +         Spirit   .   (helmet restricted)
rElec    .         Reflect  .   (no cloak)
rCorr    .         Harm     .   (gloves unavailable)
MR       .....                  (boots unavailable)
Stlth    ++++......             (no amulet)
HPRegen  0.08/turn              q - ring of protection from fire
MPRegen  0.12/turn              v - ring of poison resistance

@: very quick
A: very small, unfitting armour, see invisible, herbivore, speed 3, slow
metabolism 2
a: Renounce Religion


You were on level 4 of the Dungeon.
You worshipped Kikubaaqudgha.
Kikubaaqudgha was noncommittal.
You were near starving.

You visited 2 branches of the dungeon, and saw 5 of its levels.

You collected 213 gold pieces.

Inventory:

Hand Weapons
 a - a +1 dagger
 p - a +0 dagger of speed
 u - a +2 short sword of venom (weapon)
Missiles
 k - 35 stones (quivered)
Armour
 c - a +0 robe (worn)
Jewellery
 q - a ring of protection from fire (left hand)
 v - a ring of poison resistance (right hand)
Scrolls
 b - a scroll of teleportation
 e - a scroll of noise {unknown}
 f - 3 scrolls of identify
 i - 2 scrolls of remove curse
 t - a scroll of blinking
Potions
 g - 2 potions of flight
 h - a potion of haste {unknown}
 l - 2 potions of heal wounds {unknown}
 m - 2 potions of lignification {unknown}
 o - a potion of invisibility {unknown}
 w - a potion of ambrosia {unknown}
Comestibles
 d - 4 rations


   Skills:
 * Level 4.3 Short Blades
 - Level 3.0 Dodging
 * Level 7.5 Stealth
 - Level 2.6 Spellcasting
 - Level 3.6 Hexes
 + Level 0.0 Necromancy


You had 3 spell levels left.
You knew the following spells:

 Your Spells              Type           Power        Failure   Level  Hunger
a - Corona                Hex            ##.....      4%          1    #......
b - Ensorcelled Hibernat  Hex/Ice        #.....       13%         2    ##.....
c - Confuse               Hex            ##......     12%         3    ###....

Your spell library contained the following spells:

 Spells                   Type           Power        Failure   Level  Hunger
 Tukima's Dance           Hex            ##......     12%         3    ###....
 Dazzling Spray           Conj/Hex       #.....       26%         3    ###....


Dungeon Overview and Level Annotations

Branches:
Dungeon (4/15)             Temple (1/1) D:4

Altars:
Ashenzari
Cheibriados
Dithmenos
Elyvilon
Fedhas
Gozag
Hepliaklqana
Kikubaaqudgha
Makhleb
Nemelex Xobeh
Okawaru
Qazlal
Ru
Sif Muna
Trog
Uskayaw
Vehumet
Xom
Yredelemnul
Zin
The Shining One

Annotations:
D:3 1 runed translucent door, Xerberus86's ghost, amateur HuCK
D:4 Dowan; Duvessa


Innate Abilities, Weirdness & Mutations

You are very small and have problems with some larger weapons.
You are too small for most types of armour.
You have supernaturally acute eyesight. (SInv)
You are a herbivore.
You cover ground extremely quickly.
You need to consume almost no food.


Message History

Aim: Duvessa, wielding a +0 short sword and wearing a +0 chain mail (chance to defeat MR: 23%) Duvessa resists with almost no effort.
You are near starving!
Duvessa completely misses you. The centaur skeleton misses you.
Casting: Ensorcelled Hibernation (safe; 13% risk of failure)
Confirm with . or Enter, or press ? or * to list all spells.
Aiming: Ensorcelled Hibernation (safe; 13% risk of failure)
Press: ? - help, Shift-Dir - straight line, f/p - Duvessa
Aim: Duvessa, wielding a +0 short sword and wearing a +0 chain mail (chance to defeat MR: 23%) Duvessa resists with almost no effort.
The centaur skeleton hits you. Duvessa barely misses you.
The centaur skeleton hits you.
You hit Duvessa.
Duvessa is lightly wounded.
Duvessa hits you with a cursed +0 short sword.
* * * LOW HITPOINT WARNING * * *
The centaur skeleton hits you.
* * * LOW HITPOINT WARNING * * *
Duvessa hits you with a cursed +0 short sword!
You die...
Kikubaaqudgha rasps: "You have failed me!
Welcome... death!"

##.≈≈≈≈≈≈...≈≈≈≈≈
#..≈≈≈≈≈≈≈≈≈≈≈≈≈
#....≈≈≈≈≈≈≈≈≈..
##......≈≈≈≈≈....
#................
##................
#........##$......
##.Z.###.§..e......
#.@..#.e.........
#.e......(.......
##.#..##.........
###..........###
###.........#
###.........
..........
....#.#...


You could see Duvessa and a centaur skeleton.

Vanquished Creatures
  A hound (D:3)
  An orc priest (D:4)
  6 adders
  3 worms (D:2)
  A dart slug (D:1)
  2 leopard geckos
  7 orcs
  2 ball pythons (D:1)
  4 bats
  10 giant cockroaches
  3 goblins
  7 hobgoblins
  6 kobolds
  2 quokkas
  3 frilled lizards
  A leopard gecko skeleton (D:4)
  13 rats
72 creatures vanquished.

Notes
Turn   | Place    | Note
-------+----------+-------------------------------------------
     0 | D:1      | Kohma the Spriggan Enchanter began the quest for the Orb.
     0 | D:1      | Reached XP level 1. HP: 9/9 MP: 5/5
   549 | D:1      | Reached skill level 5 in Stealth
   549 | D:1      | Reached XP level 2. HP: 13/13 MP: 6/6
   559 | D:1      | Learned a level 2 spell: Ensorcelled Hibernation
  1423 | D:1      | Reached XP level 3. HP: 16/16 MP: 4/8
  1428 | D:1      | Learned a level 3 spell: Confuse
  1982 | D:2      | Reached skill level 6 in Stealth
  2139 | D:2      | Reached XP level 4. HP: 16/21 MP: 9/9
  3174 | D:3      | Reached skill level 7 in Stealth
  3174 | D:3      | Reached XP level 5. HP: 22/24 MP: 3/10
  3262 | D:3      | Found a runed translucent door.
  3263 | D:3      | Noticed Xerberus86's ghost (amateur HuCK)
  4071 | D:4      | Found a staircase to the Ecumenical Temple.
  4110 | Temple   | Entered the Ecumenical Temple
  4222 | Temple   | Became a worshipper of Kikubaaqudgha
  4273 | D:4      | Noticed Dowan
  4278 | D:4      | Noticed Duvessa
  4531 | D:4      | Mangled by Duvessa

Levels and vault maps discovered:
D:1:      onia_arrival_larder, layout_basic
D:2:      layout_loops_cross, first_ration
D:3:      layout_rooms, ebering_ghost_sewer_d, serial_rivers,
          chequers_serial_rivers_small_b, chequers_serial_rivers_micro_b,
          chequers_serial_rivers_room_b, chequers_serial_rivers_small_3,
          chequers_serial_rivers_small_a, serial_park_tiny_2
D:4:      layout_cave_pools, temple_pool_b, uniq_duvessa
Temple:   kilobyte_greek_temple

Skill      XL: |  1  2  3  4  5 |
---------------+----------------+-----
Stealth        | 5 6 7 |  7.5
Short Blades   | 2 3 4 |  4.3
Dodging        | |  3.0
Spellcasting   | |  2.6
Hexes          | |  3.6

Action                   |  1- 3 |  4- 6 || total
-------------------------+-------+-------++-------
Melee: Dagger            |   127 |    51 ||   178
       Short sword       |       |    21 ||    21
Throw: Stone             |     1 |       ||     1
 Cast: Ensorcelled Hiber |    22 |    40 ||    62
  Use: Scroll            |       |     7 ||     7
 Stab: Sleeping          |    23 |    25 ||    48
       Distracted        |     1 |       ||     1
  Eat: Ration            |       |     2 ||     2
Armor: Robe              |    20 |     6 ||    26
Dodge: Dodged            |    90 |    62 ||   152

Table legend:
 A = Non-vault XP
 B = Vault XP
 C = Vault XP percentage of total XP
 D = Non-vault monster count
 E = Vault monster count
 F = Vault count percentage of total count
                 A         B        C        D         E       F
            +---------+---------+-------+---------+---------+-------
      Total |     288 |       8 |   2.7 |      67 |       5 |   6.9
            +---------+---------+-------+---------+---------+-------
        D:1 |      42 |       8 |  16.0 |      22 |       5 |  18.5
        D:2 |      92 |       0 |   0.0 |      21 |       0 |   0.0
        D:3 |      85 |       0 |   0.0 |      17 |       0 |   0.0
        D:4 |      69 |       0 |   0.0 |       7 |       0 |   0.0
            +---------+---------+-------+---------+---------+-------
